3155 views
Uploaded 2020-08-27 15:43:46
Game version 1.32.8
19:55 long 4on4 custom game on (8)Northshire_LV
Game name "W3Champions-s2-20-107014"
Saved by BattleOoze
3155 views
Uploaded 2020-08-27 15:43:46
Game version 1.32.8
19:55 long 4on4 custom game on (8)Northshire_LV
Game name "W3Champions-s2-20-107014"


155 units @ 24.4k
/ 3.7k
78 buildings @ 13.2k
/ 4.9k

| Rod of Necromancy | 1 | 150 |
| Potion of Mana | 5 | 1000 |
| Orb of Corruption | 1 | 375 |
| Potion of Healing | 2 | 300 |
| Scroll of Healing | 2 | 500 |
| Scroll of Town Portal | 5 | 1750 |
| Boots of Speed | 1 | 250 |
| total: | 17 | 4325g |
| Acolyte | 10 | 750 | / | 0 |
| Ghoul | 3 | 360 | / | 0 |
| Crypt Fiend | 10 | 2150 | / | 400 |
| Obsidian Statue | 3 | 600 | / | 105 |
| Frost Wyrm | 4 | 1540 | / | 480 |
| Abomination | 2 | 480 | / | 140 |
| Goblin Shredder | 1 | 375 | / | 100 |
| Kobold Geomancer | 1 | 255 | / | 30 |
| Forest Troll High Priest | 1 | 305 | / | 40 |
| total: | 35 | 6815g | / | 1295w |
| Spirit Tower | 2 | 290 | / | 80 |
| Crypt | 1 | 200 | / | 50 |
| Ziggurat | 6 | 900 | / | 300 |
| Graveyard | 1 | 215 | / | 0 |
| Altar of Darkness | 1 | 180 | / | 50 |
| Tomb of Relics | 1 | 130 | / | 30 |
| Necropolis | 1 | 225 | / | 0 |
| Slaughterhouse | 1 | 140 | / | 135 |
| Sacrificial Pit | 1 | 75 | / | 150 |
| Boneyard | 2 | 350 | / | 400 |
| Halls of the Dead | 2 | 640 | / | 420 |
| Black Citadel | 1 | 325 | / | 230 |
| total: | 15 | 2415g | / | 1115w |
| 0:07 | Acolyte |
| 0:07 | Acolyte |
| 0:24 | Crypt |
| 0:44 | Ziggurat |
| 1:06 | Graveyard |
| 1:12 | Altar of Darkness |
| 1:29 | Ghoul |
| 1:44 | Ghoul |
| 1:53 | Ziggurat |
| 2:02 | Tomb of Relics |
| 2:13 | Ghoul |
| 2:47 | Crypt Fiend |
| 3:02 | Crypt Fiend |
| 3:06 | Acolyte |
| 3:23 | Crypt Fiend |
| 3:35 | Carrion Beetles |
| 3:43 | Ziggurat |
| 3:53 | Rod of Necromancy |
| 4:38 | Acolyte |
| 4:38 | Acolyte |
| 4:38 | Acolyte |
| 4:43 | Acolyte |
| 4:54 | Impale |
| 5:16 | Goblin Shredder |
| 6:09 | Acolyte |
| 6:25 | Necropolis |
| 6:28 | Ziggurat |
| 6:32 | Ziggurat |
| 6:35 | Ziggurat |
| 6:47 | Halls of the Dead |
| 7:19 | Carrion Beetles |
| 7:46 | Spirit Tower |
| 7:54 | Crypt Fiend |
| 8:03 | Boots of Speed |
| 8:11 | Scroll of Healing |
| 8:28 | Crypt Fiend |
| 8:29 | Creature Attack |
| 8:29 | Creature Carapace |
| 8:56 | Crypt Fiend |
| 8:57 | Crypt Fiend |
| 9:10 | Black Citadel |
| 9:12 | Burrow |
| 9:12 | Web |
| 9:16 | Slaughterhouse |
| 9:30 | Impale |
| 10:03 | Crypt Fiend |
| 10:10 | Potion of Mana |
| 10:10 | Potion of Mana |
| 10:13 | Scroll of Town Portal |
| 10:22 | Obsidian Statue |
| 10:22 | Obsidian Statue |
| 10:32 | Sacrificial Pit |
| 10:46 | Improved Creature Attack |
| 10:58 | Scroll of Town Portal |
| 11:20 | Scroll of Healing |
| 11:29 | Spirit Tower |
| 12:09 | Acolyte |
| 12:10 | Acolyte |
| 12:14 | Potion of Mana |
| 12:16 | Scroll of Town Portal |
| 12:44 | Halls of the Dead |
| 12:50 | Boneyard |
| 13:12 | Boneyard |
| 13:14 | Advanced Creature Attack |
| 13:15 | Improved Creature Carapace |
| 13:22 | Kobold Geomancer |
| 13:22 | Forest Troll High Priest |
| 13:32 | Destroyer Form |
| 13:33 | Disease Cloud |
| 13:37 | Ghoul Frenzy |
| 14:21 | Obsidian Statue |
| 14:26 | Scroll of Town Portal |
| 14:30 | Orb of Corruption |
| 14:46 | Frost Wyrm |
| 15:22 | Impale |
| 15:57 | Frost Wyrm |
| 15:59 | Abomination |
| 16:13 | Advanced Creature Carapace |
| 16:17 | Crypt Fiend |
| 17:19 | Potion of Healing |
| 17:19 | Potion of Healing |
| 17:22 | Scroll of Town Portal |
| 17:22 | Potion of Mana |
| 17:25 | Potion of Mana |
| 17:46 | Frost Wyrm |
| 17:46 | Freezing Breath |
| 18:52 | Locust Swarm |
| 19:13 | Crypt Fiend |
| 19:13 | Abomination |
| 19:19 | Frost Wyrm |
| Select group | 482 |
| Chat | 310 |
| Right click | 287 |
| Select | 283 |
| Misc. action | 248 |
| Build/train/purchase | 106 |
| Assign group | 53 |
| Use ability | 29 |
| Minimap ping | 15 |
| Item give/drop | 1 |
| Remove unit | 1 |



| Rod of Necromancy | 2 | 300 |
| Sacrificial Skull | 1 | 50 |
| Potion of Mana | 2 | 400 |
| Potion of Healing | 1 | 150 |
| Orb of Corruption | 1 | 375 |
| Scroll of Town Portal | 2 | 700 |
| Scroll of Healing | 3 | 750 |
| total: | 12 | 2725g |
| Acolyte | 15 | 1125 | / | 0 |
| Ghoul | 4 | 480 | / | 0 |
| Crypt Fiend | 11 | 2365 | / | 440 |
| Frost Wyrm | 4 | 1540 | / | 480 |
| Goblin Shredder | 1 | 375 | / | 100 |
| Goblin Zeppelin | 1 | 240 | / | 60 |
| total: | 36 | 6125g | / | 1080w |
| Nerubian Tower | 1 | 100 | / | 20 |
| Spirit Tower | 1 | 145 | / | 40 |
| Graveyard | 3 | 645 | / | 0 |
| Crypt | 2 | 400 | / | 100 |
| Altar of Darkness | 2 | 360 | / | 100 |
| Ziggurat | 8 | 1200 | / | 400 |
| Tomb of Relics | 1 | 130 | / | 30 |
| Necropolis | 1 | 225 | / | 0 |
| Slaughterhouse | 1 | 140 | / | 135 |
| Sacrificial Pit | 1 | 75 | / | 150 |
| Boneyard | 3 | 525 | / | 600 |
| Halls of the Dead | 1 | 320 | / | 210 |
| Black Citadel | 1 | 325 | / | 230 |
| total: | 22 | 3700g | / | 1515w |
| 0:03 | Acolyte |
| 0:03 | Acolyte |
| 0:09 | Graveyard |
| 0:11 | Graveyard |
| 0:14 | Graveyard |
| 0:20 | Crypt |
| 0:22 | Crypt |
| 0:43 | Altar of Darkness |
| 0:45 | Altar of Darkness |
| 0:58 | Ziggurat |
| 1:23 | Ghoul |
| 1:26 | Tomb of Relics |
| 1:52 | Crypt Fiend |
| 2:08 | Ziggurat |
| 2:25 | Crypt Fiend |
| 2:47 | Crypt Fiend |
| 2:49 | Rod of Necromancy |
| 2:52 | Sacrificial Skull |
| 2:54 | Carrion Beetles |
| 3:06 | Crypt Fiend |
| 3:13 | Acolyte |
| 3:33 | Ghoul |
| 3:46 | Ziggurat |
| 3:55 | Ghoul |
| 4:22 | Crypt Fiend |
| 4:25 | Impale |
| 4:44 | Nerubian Tower |
| 5:04 | Goblin Shredder |
| 5:24 | Necropolis |
| 5:32 | Carrion Beetles |
| 6:22 | Ghoul |
| 6:29 | Halls of the Dead |
| 7:10 | Crypt Fiend |
| 7:11 | Crypt Fiend |
| 7:13 | Acolyte |
| 7:13 | Acolyte |
| 7:13 | Acolyte |
| 7:30 | Acolyte |
| 7:32 | Ziggurat |
| 8:00 | Crypt Fiend |
| 8:00 | Spirit Tower |
| 8:02 | Ziggurat |
| 8:22 | Goblin Zeppelin |
| 8:39 | Crypt Fiend |
| 8:50 | Scroll of Town Portal |
| 9:23 | Black Citadel |
| 10:06 | Crypt Fiend |
| 10:12 | Impale |
| 10:18 | Burrow |
| 10:46 | Slaughterhouse |
| 10:48 | Sacrificial Pit |
| 10:49 | Creature Attack |
| 10:49 | Creature Carapace |
| 11:25 | Crypt Fiend |
| 11:26 | Death Coil |
| 11:28 | Rod of Necromancy |
| 11:29 | Potion of Mana |
| 11:34 | Potion of Healing |
| 11:48 | Boneyard |
| 11:49 | Boneyard |
| 11:51 | Boneyard |
| 12:02 | Scroll of Healing |
| 12:14 | Improved Creature Attack |
| 12:17 | Ziggurat |
| 12:55 | Improved Creature Carapace |
| 13:11 | Frost Wyrm |
| 13:14 | Frost Wyrm |
| 13:29 | Ziggurat |
| 14:19 | Frost Wyrm |
| 14:37 | Frost Nova |
| 14:47 | Scroll of Healing |
| 14:49 | Frost Wyrm |
| 14:51 | Orb of Corruption |
| 15:09 | Acolyte |
| 15:59 | Ziggurat |
| 16:00 | Acolyte |
| 16:21 | Acolyte |
| 16:30 | Acolyte |
| 16:49 | Unholy Aura |
| 16:55 | Carrion Beetles |
| 17:08 | Frost Armor |
| 17:26 | Acolyte |
| 17:30 | Acolyte |
| 17:51 | Acolyte |
| 18:01 | Scroll of Town Portal |
| 18:11 | Potion of Mana |
| 18:35 | Scroll of Healing |
| 18:45 | Advanced Creature Carapace |
| 18:47 | Advanced Creature Attack |
| 18:50 | Acolyte |
| 19:42 | Unholy Aura |
| Right click | 1632 |
| Select group | 905 |
| Select | 471 |
| Chat | 280 |
| Misc. action | 215 |
| Assign group | 190 |
| Build/train/purchase | 122 |
| Use ability | 68 |
| Esc | 5 |
| Item give/drop | 4 |

| Rod of Necromancy | 4 | 600 |
| Sacrificial Skull | 2 | 100 |
| Ritual Dagger | 2 | 250 |
| Potion of Mana | 8 | 1600 |
| Potion of Healing | 3 | 450 |
| Orb of Corruption | 1 | 375 |
| Scroll of Town Portal | 3 | 1050 |
| Scroll of Healing | 1 | 250 |
| Staff of Teleportation | 1 | 150 |
| Boots of Speed | 1 | 250 |
| total: | 26 | 5075g |
| Acolyte | 18 | 1350 | / | 0 |
| Ghoul | 17 | 2040 | / | 0 |
| Gargoyle | 5 | 875 | / | 150 |
| Goblin Shredder | 1 | 375 | / | 100 |
| Goblin Zeppelin | 1 | 240 | / | 60 |
| Goblin Sapper | 2 | 430 | / | 200 |
| total: | 44 | 5310g | / | 510w |
| Nerubian Tower | 2 | 200 | / | 40 |
| Spirit Tower | 4 | 580 | / | 160 |
| Graveyard | 2 | 430 | / | 0 |
| Crypt | 5 | 1000 | / | 250 |
| Altar of Darkness | 1 | 180 | / | 50 |
| Ziggurat | 9 | 1350 | / | 450 |
| Tomb of Relics | 1 | 130 | / | 30 |
| Necropolis | 5 | 1125 | / | 0 |
| Sacrificial Pit | 1 | 75 | / | 150 |
| Boneyard | 2 | 350 | / | 400 |
| Halls of the Dead | 1 | 320 | / | 210 |
| Black Citadel | 1 | 325 | / | 230 |
| total: | 26 | 4640g | / | 1330w |
| 0:02 | Acolyte |
| 0:12 | Acolyte |
| 0:24 | Graveyard |
| 0:25 | Crypt |
| 0:29 | Crypt |
| 0:30 | Altar of Darkness |
| 0:33 | Ziggurat |
| 0:57 | Tomb of Relics |
| 1:10 | Ziggurat |
| 1:29 | Ghoul |
| 1:43 | Ghoul |
| 1:58 | Ghoul |
| 2:26 | Ghoul |
| 2:30 | Sleep |
| 2:31 | Rod of Necromancy |
| 2:32 | Sacrificial Skull |
| 2:35 | Acolyte |
| 2:46 | Ghoul |
| 3:14 | Ghoul |
| 3:20 | Ziggurat |
| 3:28 | Acolyte |
| 3:31 | Carrion Swarm |
| 3:34 | Acolyte |
| 3:40 | Acolyte |
| 4:00 | Acolyte |
| 4:49 | Carrion Swarm |
| 5:01 | Acolyte |
| 5:01 | Goblin Shredder |
| 5:10 | Rod of Necromancy |
| 5:11 | Sacrificial Skull |
| 5:17 | Ritual Dagger |
| 5:21 | Halls of the Dead |
| 5:23 | Graveyard |
| 5:26 | Crypt |
| 5:31 | Nerubian Tower |
| 6:16 | Necropolis |
| 6:19 | Necropolis |
| 6:21 | Ziggurat |
| 7:06 | Creature Attack |
| 7:06 | Creature Carapace |
| 7:07 | Ghoul |
| 7:11 | Ghoul |
| 7:51 | Necropolis |
| 7:52 | Black Citadel |
| 7:53 | Goblin Zeppelin |
| 8:12 | Gargoyle |
| 8:15 | Sacrificial Pit |
| 8:16 | Crypt |
| 8:18 | Spirit Tower |
| 8:19 | Ziggurat |
| 8:31 | Sleep |
| 8:46 | Acolyte |
| 8:46 | Acolyte |
| 8:46 | Acolyte |
| 8:46 | Acolyte |
| 8:47 | Acolyte |
| 9:09 | Gargoyle |
| 9:14 | Potion of Mana |
| 9:14 | Potion of Mana |
| 9:24 | Rod of Necromancy |
| 9:40 | Scroll of Town Portal |
| 9:48 | Necropolis |
| 9:48 | Ziggurat |
| 9:49 | Ziggurat |
| 9:49 | Ziggurat |
| 10:04 | Improved Creature Attack |
| 10:11 | Potion of Mana |
| 10:18 | Boneyard |
| 10:20 | Boneyard |
| 10:21 | Ghoul Frenzy |
| 10:56 | Gargoyle |
| 11:28 | Ghoul |
| 11:31 | Crypt |
| 12:09 | Ghoul |
| 12:12 | Spirit Tower |
| 12:13 | Nerubian Tower |
| 12:14 | Spirit Tower |
| 12:18 | Carrion Swarm |
| 12:38 | Ghoul |
| 12:39 | Unholy Strength |
| 12:40 | Unholy Armor |
| 12:46 | Potion of Healing |
| 12:48 | Potion of Mana |
| 12:49 | Orb of Corruption |
| 13:15 | Ghoul |
| 13:21 | Staff of Teleportation |
| 13:21 | Boots of Speed |
| 13:39 | Ghoul |
| 13:41 | Improved Unholy Strength |
| 13:42 | Improved Unholy Armor |
| 14:12 | Potion of Healing |
| 14:16 | Potion of Mana |
| 14:20 | Potion of Healing |
| 14:51 | Gargoyle |
| 15:04 | Ziggurat |
| 15:44 | Ghoul |
| 15:45 | Advanced Unholy Strength |
| 16:14 | Inferno |
| 16:15 | Rod of Necromancy |
| 16:17 | Ritual Dagger |
| 16:26 | Scroll of Town Portal |
| 16:27 | Potion of Mana |
| 16:29 | Scroll of Healing |
| 16:37 | Ghoul |
| 16:41 | Advanced Unholy Armor |
| 16:59 | Acolyte |
| 16:59 | Acolyte |
| 16:59 | Acolyte |
| 16:59 | Acolyte |
| 16:59 | Acolyte |
| 17:02 | Spirit Tower |
| 17:32 | Ghoul |
| 17:45 | Necropolis |
| 17:52 | Goblin Sapper |
| 17:52 | Goblin Sapper |
| 18:23 | Potion of Mana |
| 18:23 | Scroll of Town Portal |
| 18:27 | Ghoul |
| 18:48 | Vampiric Aura |
| 18:56 | Potion of Mana |
| 19:09 | Gargoyle |
| Right click | 1152 |
| Select | 464 |
| Select group | 362 |
| Chat | 217 |
| Build/train/purchase | 130 |
| Assign group | 86 |
| Use ability | 76 |
| Item give/drop | 11 |
| Minimap ping | 10 |
| Misc. action | 3 |
| Remove unit | 1 |


| Rod of Necromancy | 3 | 450 |
| Sacrificial Skull | 1 | 50 |
| Potion of Mana | 4 | 800 |
| Orb of Corruption | 1 | 375 |
| Scroll of Town Portal | 2 | 700 |
| Scroll of Healing | 4 | 1000 |
| Scroll of Protection | 1 | 150 |
| total: | 16 | 3525g |
| Acolyte | 7 | 525 | / | 0 |
| Ghoul | 13 | 1560 | / | 0 |
| Crypt Fiend | 12 | 2580 | / | 480 |
| Banshee | 6 | 930 | / | 180 |
| Necromancer | 1 | 145 | / | 20 |
| Goblin Shredder | 1 | 375 | / | 100 |
| total: | 40 | 6115g | / | 780w |
| Nerubian Tower | 1 | 100 | / | 20 |
| Spirit Tower | 3 | 435 | / | 120 |
| Graveyard | 1 | 215 | / | 0 |
| Crypt | 2 | 400 | / | 100 |
| Ziggurat | 7 | 1050 | / | 350 |
| Altar of Darkness | 1 | 180 | / | 50 |
| Tomb of Relics | 1 | 130 | / | 30 |
| Temple of the Damned | 3 | 465 | / | 420 |
| Halls of the Dead | 1 | 320 | / | 210 |
| Black Citadel | 1 | 325 | / | 230 |
| total: | 15 | 2440g | / | 950w |
| 0:04 | Acolyte |
| 0:12 | Graveyard |
| 0:14 | Crypt |
| 0:18 | Acolyte |
| 0:54 | Ziggurat |
| 0:56 | Altar of Darkness |
| 1:17 | Ghoul |
| 1:33 | Ziggurat |
| 1:46 | Ghoul |
| 1:50 | Tomb of Relics |
| 2:15 | Ghoul |
| 2:26 | Acolyte |
| 2:32 | Ghoul |
| 2:44 | Acolyte |
| 2:52 | Ghoul |
| 2:58 | Rod of Necromancy |
| 3:01 | Carrion Beetles |
| 3:07 | Sacrificial Skull |
| 3:09 | Acolyte |
| 3:48 | Acolyte |
| 3:49 | Acolyte |
| 4:04 | Ziggurat |
| 4:16 | Ziggurat |
| 4:29 | Crypt |
| 4:50 | Crypt Fiend |
| 4:55 | Impale |
| 4:59 | Nerubian Tower |
| 5:26 | Halls of the Dead |
| 5:29 | Carrion Beetles |
| 5:42 | Spirit Tower |
| 5:44 | Crypt Fiend |
| 5:57 | Crypt Fiend |
| 6:17 | Crypt Fiend |
| 6:38 | Goblin Shredder |
| 6:52 | Rod of Necromancy |
| 7:02 | Ghoul |
| 7:04 | Unholy Strength |
| 7:21 | Ziggurat |
| 7:22 | Ziggurat |
| 7:23 | Ziggurat |
| 7:55 | Web |
| 7:56 | Crypt Fiend |
| 8:31 | Crypt Fiend |
| 8:50 | Crypt Fiend |
| 8:52 | Black Citadel |
| 9:08 | Impale |
| 9:25 | Crypt Fiend |
| 9:29 | Temple of the Damned |
| 9:29 | Temple of the Damned |
| 9:51 | Potion of Mana |
| 9:51 | Potion of Mana |
| 10:01 | Scroll of Town Portal |
| 10:08 | Spirit Tower |
| 10:31 | Rod of Necromancy |
| 10:39 | Banshee |
| 10:39 | Banshee |
| 10:40 | Crypt Fiend |
| 11:17 | Banshee |
| 11:23 | Orb of Corruption |
| 11:45 | Spirit Tower |
| 11:47 | Banshee Adept Training |
| 11:50 | Burrow |
| 11:56 | Carrion Beetles |
| 12:17 | Crypt Fiend |
| 13:25 | Crypt Fiend |
| 13:37 | Creature Attack |
| 13:37 | Creature Carapace |
| 13:39 | Potion of Mana |
| 14:01 | Banshee Master Training |
| 14:10 | Scroll of Town Portal |
| 14:10 | Scroll of Healing |
| 14:20 | Locust Swarm |
| 14:24 | Potion of Mana |
| 14:26 | Scroll of Healing |
| 14:39 | Temple of the Damned |
| 15:52 | Ghoul Frenzy |
| 15:53 | Ghoul |
| 15:53 | Ghoul |
| 15:53 | Ghoul |
| 15:56 | Banshee |
| 15:56 | Banshee |
| 16:15 | Improved Unholy Strength |
| 16:18 | Ghoul |
| 16:58 | Unholy Aura |
| 17:03 | Ghoul |
| 17:05 | Necromancer |
| 17:21 | Scroll of Healing |
| 17:28 | Ghoul |
| 17:33 | Advanced Unholy Strength |
| 17:58 | Ghoul |
| 19:34 | Scroll of Protection |
| 19:39 | Scroll of Healing |
| 19:44 | Death Coil |
| 19:48 | Crypt Fiend |
| 19:49 | Banshee |
| Select group | 859 |
| Right click | 746 |
| Select | 464 |
| Build/train/purchase | 158 |
| Assign group | 146 |
| Chat | 119 |
| Misc. action | 32 |
| Use ability | 17 |
| Minimap ping | 4 |
| Item give/drop | 2 |
| Esc | 2 |
156 units @ 19.2k
/ 1.7k
72 buildings @ 12.1k
/ 4.3k

| Potion of Healing | 1 | 150 |
| Lesser Clarity Potion | 1 | 70 |
| Scroll of Town Portal | 3 | 1050 |
| Scroll of Healing | 5 | 1250 |
| Dust of Appearance | 1 | 75 |
| Scroll of Protection | 2 | 300 |
| Potion of Lesser Invulnerability | 2 | 300 |
| total: | 15 | 3195g |
| Wisp | 17 | 1020 | / | 0 |
| Archer | 35 | 4550 | / | 350 |
| Goblin Shredder | 1 | 375 | / | 100 |
| Peon | 3 | 225 | / | 0 |
| total: | 56 | 6170g | / | 450w |
| Altar of Elders | 3 | 540 | / | 150 |
| Ancient of War | 2 | 300 | / | 120 |
| Moon Well | 7 | 1260 | / | 280 |
| Tree of Life | 3 | 1020 | / | 555 |
| Ancient of Wonders | 1 | 90 | / | 30 |
| Hunter's Hall | 1 | 210 | / | 100 |
| Ancient of Wind | 1 | 150 | / | 140 |
| Tree of Ages | 2 | 640 | / | 360 |
| Tree of Eternity | 1 | 330 | / | 200 |
| War Mill | 2 | 410 | / | 0 |
| Orc Burrow | 4 | 640 | / | 160 |
| total: | 24 | 4620g | / | 1535w |
| 0:02 | Wisp |
| 0:06 | Altar of Elders |
| 0:07 | Altar of Elders |
| 0:09 | Wisp |
| 0:12 | Altar of Elders |
| 0:17 | Ancient of War |
| 0:19 | Moon Well |
| 0:29 | Wisp |
| 0:37 | Wisp |
| 0:49 | Wisp |
| 0:51 | Wisp |
| 1:04 | Wisp |
| 1:20 | Archer |
| 1:32 | Moon Well |
| 1:40 | Archer |
| 2:10 | Searing Arrows |
| 2:26 | Wisp |
| 2:26 | Wisp |
| 2:30 | Moon Well |
| 2:32 | Moon Well |
| 2:34 | Ancient of War |
| 2:42 | Wisp |
| 3:37 | Trueshot Aura |
| 3:39 | Archer |
| 3:39 | Archer |
| 3:49 | Archer |
| 3:49 | Archer |
| 4:01 | Archer |
| 4:02 | Moon Well |
| 4:30 | Archer |
| 4:44 | Tree of Life |
| 4:57 | Archer |
| 5:02 | Trueshot Aura |
| 5:16 | Ancient of Wonders |
| 5:33 | Archer |
| 5:41 | Goblin Shredder |
| 6:14 | Archer |
| 6:58 | Searing Arrows |
| 7:06 | Archer |
| 7:09 | Tree of Ages |
| 7:10 | Hunter's Hall |
| 7:58 | Archer |
| 8:23 | Scroll of Town Portal |
| 8:23 | Scroll of Healing |
| 8:48 | Tree of Life |
| 8:53 | Archer |
| 8:54 | Archer |
| 9:37 | Scroll of Town Portal |
| 9:45 | Trueshot Aura |
| 9:47 | Strength of the Moon |
| 9:48 | Moon Armor |
| 9:48 | Archer |
| 9:49 | Archer |
| 10:13 | Scroll of Healing |
| 10:13 | Scroll of Protection |
| 10:56 | Archer |
| 10:56 | Archer |
| 11:13 | Archer |
| 11:15 | Wisp |
| 11:18 | Wisp |
| 11:18 | Wisp |
| 11:19 | Wisp |
| 11:19 | Wisp |
| 11:19 | Wisp |
| 11:28 | Improved Strength of the Moon |
| 11:33 | Improved Bows |
| 11:36 | Ancient of Wind |
| 11:46 | Peon |
| 11:46 | Peon |
| 11:46 | Peon |
| 11:51 | War Mill |
| 12:01 | Archer |
| 12:06 | Wisp |
| 12:24 | Moon Well |
| 12:24 | Moon Well |
| 13:09 | Archer |
| 13:09 | Archer |
| 13:24 | Tree of Eternity |
| 13:34 | War Mill |
| 13:37 | Orc Burrow |
| 13:37 | Orc Burrow |
| 13:38 | Orc Burrow |
| 13:39 | Orc Burrow |
| 14:20 | Archer |
| 14:20 | Archer |
| 14:26 | Archer |
| 14:26 | Archer |
| 14:27 | Improved Moon Armor |
| 14:30 | Potion of Healing |
| 15:17 | War Stomp |
| 15:34 | Dust of Appearance |
| 15:34 | Scroll of Healing |
| 15:39 | Potion of Lesser Invulnerability |
| 15:40 | Starfall |
| 16:10 | Tree of Ages |
| 16:13 | Archer |
| 16:13 | Archer |
| 16:15 | Lesser Clarity Potion |
| 17:17 | Searing Arrows |
| 17:28 | Archer |
| 17:28 | Archer |
| 17:33 | Scroll of Town Portal |
| 17:34 | Scroll of Healing |
| 17:48 | Scroll of Healing |
| 17:48 | Scroll of Protection |
| 17:49 | Potion of Lesser Invulnerability |
| 19:08 | Archer |
| 19:09 | Archer |
| 19:09 | Archer |
| 19:09 | Archer |
| 19:10 | Tree of Life |
| Right click | 1575 |
| Select | 922 |
| Select group | 733 |
| Assign group | 252 |
| Build/train/purchase | 137 |
| Chat | 76 |
| Misc. action | 47 |
| Use ability | 21 |
| Item give/drop | 11 |
| Resource trade | 11 |
| Esc | 2 |
| Minimap ping | 2 |

| Lesser Clarity Potion | 2 | 140 |
| Scroll of Healing | 1 | 250 |
| Scroll of Town Portal | 1 | 350 |
| Boots of Speed | 1 | 250 |
| Staff of Teleportation | 1 | 150 |
| Potion of Invisibility | 2 | 200 |
| Scroll of Speed | 1 | 50 |
| total: | 9 | 1390g |
| Peasant | 32 | 2400 | / | 0 |
| Footman | 16 | 2160 | / | 0 |
| Goblin Zeppelin | 1 | 240 | / | 60 |
| Assassin | 1 | 250 | / | 30 |
| Wind Rider | 1 | 265 | / | 40 |
| total: | 51 | 5315g | / | 130w |
| Scout Tower | 3 | 90 | / | 60 |
| Arcane Tower | 2 | 140 | / | 100 |
| Farm | 4 | 320 | / | 80 |
| Barracks | 2 | 320 | / | 120 |
| Altar of Kings | 1 | 180 | / | 50 |
| Arcane Vault | 1 | 130 | / | 30 |
| Town Hall | 1 | 385 | / | 205 |
| Keep | 1 | 320 | / | 210 |
| Orc Burrow | 3 | 480 | / | 120 |
| total: | 15 | 1905g | / | 665w |
| 0:03 | Peasant |
| 0:03 | Peasant |
| 0:09 | Farm |
| 0:10 | Farm |
| 0:12 | Barracks |
| 0:20 | Peasant |
| 0:44 | Peasant |
| 0:50 | Altar of Kings |
| 0:55 | Peasant |
| 1:04 | Peasant |
| 1:15 | Footman |
| 1:29 | Farm |
| 1:34 | Footman |
| 1:53 | Barracks |
| 2:04 | Footman |
| 2:04 | Footman |
| 2:04 | Footman |
| 2:19 | Peasant |
| 2:24 | Scout Tower |
| 2:28 | Footman |
| 2:46 | Farm |
| 2:48 | Peasant |
| 2:50 | Footman |
| 2:53 | Defend |
| 3:01 | Flame Strike |
| 3:07 | Arcane Tower |
| 3:07 | Peasant |
| 3:18 | Footman |
| 3:49 | Footman |
| 3:50 | Peasant |
| 4:05 | Boots of Speed |
| 4:06 | Staff of Teleportation |
| 4:21 | Footman |
| 4:45 | Assassin |
| 5:10 | Flame Strike |
| 5:11 | Siphon Mana |
| 5:36 | Keep |
| 5:37 | Footman |
| 6:17 | Arcane Vault |
| 7:01 | Town Hall |
| 7:10 | Footman |
| 7:20 | Siphon Mana |
| 8:16 | Peasant |
| 8:16 | Peasant |
| 8:17 | Peasant |
| 8:35 | Peasant |
| 8:36 | Peasant |
| 8:53 | Peasant |
| 8:53 | Peasant |
| 9:22 | Scroll of Healing |
| 9:31 | Peasant |
| 9:31 | Footman |
| 9:50 | Peasant |
| 9:50 | Peasant |
| 9:51 | Peasant |
| 10:07 | Peasant |
| 10:07 | Peasant |
| 10:43 | Peasant |
| 10:43 | Peasant |
| 10:59 | Footman |
| 11:08 | Peasant |
| 11:16 | Scout Tower |
| 11:19 | Footman |
| 11:29 | Peasant |
| 11:39 | Peasant |
| 11:40 | Scout Tower |
| 11:45 | Peasant |
| 12:07 | Peasant |
| 12:07 | Peasant |
| 12:12 | Flame Strike |
| 12:15 | Arcane Tower |
| 12:40 | Footman |
| 13:05 | Peasant |
| 13:11 | Goblin Zeppelin |
| 13:33 | Lesser Clarity Potion |
| 14:24 | Orc Burrow |
| 14:24 | Orc Burrow |
| 14:26 | Orc Burrow |
| 14:29 | Potion of Invisibility |
| 14:32 | Scroll of Town Portal |
| 15:38 | Wind Rider |
| 15:52 | Potion of Invisibility |
| 16:37 | Lesser Clarity Potion |
| 16:39 | Scroll of Speed |
| 18:09 | Summon Phoenix |
| Right click | 1033 |
| Select | 410 |
| Select group | 298 |
| Chat | 200 |
| Build/train/purchase | 136 |
| Assign group | 99 |
| Misc. action | 68 |
| Use ability | 39 |
| Minimap ping | 7 |
| Remove unit | 6 |
| Item give/drop | 5 |
| Resource trade | 5 |


| Healing Salve | 4 | 400 |
| Lesser Clarity Potion | 3 | 210 |
| Potion of Healing | 1 | 150 |
| Potion of Mana | 1 | 200 |
| total: | 9 | 960g |
| Peon | 12 | 900 | / | 0 |
| Grunt | 4 | 800 | / | 0 |
| Wind Rider | 2 | 530 | / | 80 |
| total: | 18 | 2230g | / | 80w |
| Altar of Storms | 1 | 180 | / | 50 |
| Orc Burrow | 7 | 1120 | / | 280 |
| Barracks | 1 | 180 | / | 50 |
| Voodoo Lounge | 1 | 130 | / | 30 |
| Great Hall | 1 | 385 | / | 185 |
| Beastiary | 2 | 290 | / | 280 |
| Stronghold | 1 | 315 | / | 190 |
| total: | 13 | 2285g | / | 875w |
| 0:03 | Peon |
| 0:04 | Peon |
| 0:07 | Altar of Storms |
| 0:21 | Orc Burrow |
| 0:29 | Peon |
| 0:37 | Barracks |
| 0:45 | Peon |
| 1:02 | Peon |
| 1:21 | Peon |
| 1:31 | Orc Burrow |
| 1:38 | Grunt |
| 1:51 | Voodoo Lounge |
| 1:59 | Peon |
| 2:11 | War Stomp |
| 2:33 | Grunt |
| 2:34 | Peon |
| 2:57 | Grunt |
| 3:13 | Healing Salve |
| 3:13 | Lesser Clarity Potion |
| 3:25 | Stronghold |
| 4:11 | Endurance Aura |
| 4:28 | Great Hall |
| 4:32 | Grunt |
| 4:44 | Lesser Clarity Potion |
| 4:46 | Healing Salve |
| 4:59 | Orc Burrow |
| 5:02 | Orc Burrow |
| 5:38 | War Stomp |
| 5:55 | Beastiary |
| 5:56 | Beastiary |
| 6:22 | Orc Burrow |
| 7:05 | Peon |
| 7:14 | Hex |
| 7:18 | Wind Rider |
| 7:20 | Peon |
| 7:39 | Potion of Healing |
| 7:47 | Healing Salve |
| 7:56 | Potion of Mana |
| 8:13 | Peon |
| 8:13 | Peon |
| 8:36 | Wind Rider |
| 9:06 | Endurance Aura |
| 10:01 | Orc Burrow |
| 10:12 | Orc Burrow |
| 10:16 | Healing Salve |
| 10:23 | Lesser Clarity Potion |
| Right click | 716 |
| Select group | 708 |
| Select | 162 |
| Build/train/purchase | 52 |
| Minimap ping | 42 |
| Misc. action | 27 |
| Assign group | 20 |
| Use ability | 18 |
| Chat | 17 |
| Item give/drop | 1 |



| Rod of Necromancy | 1 | 150 |
| Sacrificial Skull | 1 | 50 |
| Orb of Corruption | 1 | 375 |
| Potion of Mana | 2 | 400 |
| Scroll of Town Portal | 5 | 1750 |
| Scroll of Healing | 2 | 500 |
| total: | 12 | 3225g |
| Acolyte | 13 | 975 | / | 0 |
| Ghoul | 2 | 240 | / | 0 |
| Crypt Fiend | 11 | 2365 | / | 440 |
| Frost Wyrm | 4 | 1540 | / | 480 |
| Goblin Shredder | 1 | 375 | / | 100 |
| total: | 31 | 5495g | / | 1020w |
| Nerubian Tower | 2 | 200 | / | 40 |
| Spirit Tower | 2 | 290 | / | 80 |
| Graveyard | 1 | 215 | / | 0 |
| Crypt | 1 | 200 | / | 50 |
| Ziggurat | 11 | 1650 | / | 550 |
| Altar of Darkness | 1 | 180 | / | 50 |
| Tomb of Relics | 1 | 130 | / | 30 |
| Necropolis | 2 | 450 | / | 0 |
| Sacrificial Pit | 1 | 75 | / | 150 |
| Boneyard | 2 | 350 | / | 400 |
| Halls of the Dead | 1 | 320 | / | 210 |
| Black Citadel | 1 | 325 | / | 230 |
| total: | 20 | 3250g | / | 1230w |
| 0:02 | Acolyte |
| 0:10 | Graveyard |
| 0:12 | Crypt |
| 0:18 | Acolyte |
| 0:38 | Ziggurat |
| 1:00 | Altar of Darkness |
| 1:17 | Ghoul |
| 1:35 | Crypt Fiend |
| 1:52 | Tomb of Relics |
| 2:03 | Ziggurat |
| 2:21 | Crypt Fiend |
| 2:43 | Ghoul |
| 3:01 | Rod of Necromancy |
| 3:08 | Sacrificial Skull |
| 3:09 | Acolyte |
| 3:12 | Carrion Beetles |
| 3:34 | Acolyte |
| 3:34 | Acolyte |
| 3:52 | Acolyte |
| 3:52 | Acolyte |
| 4:23 | Impale |
| 4:27 | Ziggurat |
| 4:36 | Halls of the Dead |
| 4:45 | Nerubian Tower |
| 5:08 | Crypt Fiend |
| 5:19 | Carrion Beetles |
| 5:29 | Ziggurat |
| 5:56 | Crypt Fiend |
| 5:56 | Creature Attack |
| 6:09 | Necropolis |
| 6:10 | Ziggurat |
| 6:11 | Nerubian Tower |
| 6:42 | Crypt Fiend |
| 6:46 | Goblin Shredder |
| 6:51 | Creature Carapace |
| 6:53 | Crypt Fiend |
| 7:34 | Black Citadel |
| 8:12 | Impale |
| 8:17 | Spirit Tower |
| 8:18 | Ziggurat |
| 8:49 | Death Coil |
| 9:07 | Acolyte |
| 9:15 | Spirit Tower |
| 9:21 | Sacrificial Pit |
| 9:21 | Improved Creature Attack |
| 9:29 | Scroll of Town Portal |
| 9:29 | Scroll of Town Portal |
| 10:02 | Web |
| 10:04 | Improved Creature Carapace |
| 10:19 | Scroll of Town Portal |
| 10:25 | Boneyard |
| 10:27 | Boneyard |
| 10:41 | Advanced Creature Attack |
| 11:10 | Unholy Aura |
| 12:05 | Crypt Fiend |
| 12:05 | Frost Wyrm |
| 12:16 | Scroll of Town Portal |
| 13:10 | Orb of Corruption |
| 13:11 | Scroll of Healing |
| 13:11 | Scroll of Healing |
| 13:30 | Frost Nova |
| 13:38 | Frost Wyrm |
| 13:41 | Acolyte |
| 13:41 | Acolyte |
| 14:22 | Frost Wyrm |
| 14:23 | Crypt Fiend |
| 14:28 | Advanced Creature Carapace |
| 15:27 | Scroll of Town Portal |
| 15:28 | Potion of Mana |
| 15:29 | Potion of Mana |
| 16:20 | Ziggurat |
| 16:22 | Ziggurat |
| 16:51 | Crypt Fiend |
| 16:51 | Crypt Fiend |
| 17:02 | Death Coil |
| 17:05 | Carrion Beetles |
| 17:19 | Frost Armor |
| 17:25 | Necropolis |
| 17:30 | Acolyte |
| 17:30 | Acolyte |
| 17:30 | Acolyte |
| 17:48 | Frost Wyrm |
| 17:50 | Freezing Breath |
| 18:34 | Ziggurat |
| 18:35 | Ziggurat |
| 18:38 | Ziggurat |
| 18:50 | Crypt Fiend |
| Right click | 761 |
| Select group | 599 |
| Select | 364 |
| Misc. action | 149 |
| Build/train/purchase | 115 |
| Assign group | 81 |
| Use ability | 27 |
| Item give/drop | 7 |
| Resource trade | 7 |
| Chat | 6 |
| Minimap ping | 5 |
⇛